 Seeded DCSS version 0.31-a0-810-ga77100ea1a (webtiles) character file.

Game seed: 14731229609316057187 (custom seed)

25346 innerfire43 the Skirmisher (level 12, 0/147 HPs)
             Began as a Demonspawn Hunter on Sept 21, 2023.
             Was the Champion of Cheibriados.
             Slain by an orc knight
             ... wielding a +1 battleaxe of venom
              (6 damage)
             ... on level 12 of the Dungeon.
             The game lasted 00:28:44 (10454 turns).

innerfire43 the Skirmisher (Demonspawn Hunter)     Turns: 10454, Time: 00:28:45

Health: 0/147      AC: 26    Str: 33    XL:     12   Next: 88%
Magic:  12/12      EV:  2    Int: 26    God:    Cheibriados [******]
Gold:   260        SH:  5    Dex: 42    Spells: 11/11 levels left

rFire   . . .        a - +0 arbalest (freeze)
rCold   . . .        (shield currently unavailable)
rNeg    . . .        s - melded +3 plate armour of the Old and Reckless {-Tele rN++ Regen+ Int+2}
rPois   +            H - melded +2 helmet
rElec   .            N - melded +2 cloak
rCorr   .            D - melded +1 Delatra's gloves {ID++}
SInv    .            w - melded +2 pair of boots
Will    .....        U - amulet of reflection
Stlth   +++          x - +6 ring of strength
HPRegen 0.44/turn    u - +6 ring of dexterity
MPRegen 0.13/turn

%: reflection
@: tree-form, very slow
A: stationary, stasis, torment immunity, boosted hp, (claws 2), demonic guardian
1, foul stench 2, (sanguine armour 1), (hooves 1), (sturdy frame 1)
a: Renounce Religion, Bend Time, Temporal Distortion, Slouch, Step From Time


You were on level 12 of the Dungeon.
You worshipped Cheibriados.
Cheibriados was exalted by your worship.
You were a tree.
You visited 1 branch of the dungeon, and saw 13 of its levels.

You collected 814 gold pieces.
You spent 554 gold pieces at shops.

Inventory:

Hand Weapons
 a - a +0 arbalest of freezing (weapon)
 b - the +1 short sword of a Gauntlet {vamp, *Rage +Blink Fly rPois}
   (You found it on level 6 of the Dungeon)

   rPois:     It protects you from poison Fly: It grants you flight.
   +Blink:    It lets you blink.
   *Rage:     It berserks you when you make melee attacks (+20% chance).
 l - a +0 dagger
 P - a +1 shortbow
 Q - a +2 falchion of electrocution
Missiles
 K - 10 javelins
Armour
 c - a +0 leather armour
 j - a +0 pair of gloves
 s - the +3 plate armour of the Old and Reckless (melded) {-Tele rN++ Regen+ Int+2}
   (You found it on level 3 of the Dungeon)

   Int+2:     It affects your intelligence (+2).
   rN++:      It greatly protects you from negative energy.
   -Tele:     It prevents most forms of teleportation.
   Regen+:    It increases your rate of health regeneration.
 w - a +2 pair of boots (melded)
 z - a scarf of shadows
 D - the +1 Delatra's gloves (melded) {ID++}
   (You found it on level 5 of the Dungeon)

   ID++:      It heals its wearer when they drink unknown potions, and restores
   their MP when they read unknown scrolls.
 H - a +2 helmet (melded)
 N - a +2 cloak (melded)
 O - a +0 kite shield
Jewellery
 f - an amulet of guardian spirit
 h - a ring of flight
 u - a +6 ring of dexterity (right branch)
 x - a +6 ring of strength (left branch)
 C - a ring of protection from fire
 L - a ring of fire
 U - an amulet of reflection (around neck)
Wands
 E - a wand of roots (13)
 F - a wand of flame (23)
 G - a wand of charming (9)
 J - a wand of polymorph (1)
 R - a wand of mindburst (12)
Scrolls
 d - a scroll of silence
 e - 3 scrolls of fear
 g - 3 scrolls of vulnerability
 k - 6 scrolls of teleportation
 o - 2 scrolls of amnesia
 r - a scroll of enchant armour
 t - a scroll of poison
 y - 4 scrolls of identify
 A - a scroll of fog
 I - a scroll of butterflies
 S - a scroll of revelation
Potions
 i - 3 potions of haste
 n - a potion of ambrosia
 p - a potion of magic
 q - 4 potions of enlightenment
 v - 3 potions of degeneration
 B - 2 potions of curing
 M - a potion of mutation


   Skills:
 + Level 10.4 Fighting
 + Level 7.7 Short Blades
 + Level 12.4 Ranged Weapons
 * Level 11.1 Armour
 - Level 2.0 Dodging
 - Level 1.2 Stealth


You had 11 spell levels left.
You didn't know any spells.
Your spell library contained the following spells:

 Spells                   Type           Power      Damage    Failure   Level
 Foxfire                  Conj/Fire      0%         2x1d4     13%         1
 Magic Dart               Conj           0%         1d3       13%         1
 Searing Ray              Conj           0%         2d4       19%         2
 Dazzling Flash           Conj/Hex       0%         N/A       36%         3
 Frozen Ramparts          Ice            0%         1d1       36%         3
 Volatile Blastmotes      Fire/Tloc      0%         2d10      36%         3
 Cause Fear               Hex            0%         N/A       77%         4
 Fulminant Prism          Conj/Hex       0%         3d5       77%         4
 Petrify                  Tmut/Erth      0%         N/A       77%         4
 Fireball                 Conj/Fire      0%         3d3       98%         5
 Metabolic Englaciation   Hex/Ice        0%         N/A       98%         5
 Plasma Beam              Fire/Air       0%         2x1d10    100%        6
 Starburst                Conj/Fire      0%         6d3       100%        6
 Maxwell's Capacitive Co  Air            0%         ∞         100%        8
 Chain Lightning          Conj/Air       0%         N/A       100%        9
 Dragon's Call            Summ           0%         N/A       100%        9
 Fire Storm               Conj/Fire      0%         5d1       100%        9
 Shatter                  Erth           0%         3d5*      100%        9


Dungeon Overview and Level Annotations

Branches:
Dungeon (13/15) Temple (0/1) D:5 Lair (0/5) D:9 Orc (0/2) D:10 Vaults (0/5) D:12 D:13

Altars:
Ashenzari
Cheibriados
Dithmenos
Fedhas
Makhleb
Nemelex Xobeh
Qazlal
Ru
Sif Muna
Trog
Xom

Shops:
D:3 *   D:4 :!?=?   D:7 :

Portals:
Trove: D:12 (give 5 scrolls of fear)

Annotations:
D:13 Nessos


Innate Abilities, Weirdness & Mutations

You are a tree.
Your roots penetrate the ground, keeping you stationary.
You cannot be teleported.
You are immune to unholy pain and torment.
Your maximum health is greatly increased.
Your equipment is partially melded.
((You have very sharp fingernails.))
A weak demonic guardian rushes to your aid.
You sometimes emit foul miasma when damaged in melee.
((When seriously injured, your blood forms armour. (AC +0)))
((You have large cloven feet.))
((Your movements are slightly less encumbered by armour. (ER -2)))


Message History

Your roots penetrate the ground.
The energy of discovery flows from your fingertips!
You feel much better.
Your blood armour dries and flakes away.
* * * LOW HITPOINT WARNING * * *
You feel extremely sick.
The orc knight hits you with a +1 battleaxe of venom!
* * * LOW HITPOINT WARNING * * *
The human hits you.
* * * LOW HITPOINT WARNING * * *
You emit a cloud of foul miasma!
You feel better.
The two-headed ogre hits you with a +0 giant spiked club!
* * * LOW HITPOINT WARNING * * *
You emit a cloud of foul miasma!
The two-headed ogre hits you with a +0 giant spiked club!
* * * LOW HITPOINT WARNING * * *
The orc knight hits you but does no damage.
The human is engulfed in dark miasma.
The human is poisoned.
The human seems to slow down.
The human hits you but does no damage.
Unknown command.
You feel better.
The human is no longer moving slowly.
The two-headed ogre is engulfed in dark miasma.
The two-headed ogre looks even sicker.
The two-headed ogre seems to slow down.
The two-headed ogre barely misses you.
The two-headed ogre hits you with a +0 giant spiked club!
* * * LOW HITPOINT WARNING * * *
You block the orc knight's attack.
The human is engulfed in dark miasma.
The human looks even sicker.
The human seems to slow down.
The human hits you but does no damage.
Fire: a) +0 arbalest (freeze)
Press: ? - help, Q - select action, (/) - cycle Shift-Dir - straight line, f - orc knight
Aim: an orc knight, wielding a +1 battleaxe of venom and wearing a +0 chain mail (74% to hit)
You shoot a bolt. The bolt hits the orc knight!!
The bolt freezes the orc knight.
The orc knight is moderately wounded.
The two-headed ogre is no longer moving slowly.
The human is no longer moving slowly.
The orc knight hits you with a +1 battleaxe of venom.
You die...

..##.......##...........##...#...
..##.###...##...........##...#...
.....# #...##.......##..##.......
.....# #...##.......##..##..###..
.##..# #............##..##..# #..
.##..# #............##..##..# #..
.##..# #............##..##>.# #..
.##..# #.......†o†..##..##..# #..
.##..# #.......†♣p..##..##..# #..
.##..# #.......††O..##..##..# #..
.##..# #............##..##..# #..
.##..# #............##..##..# #..
.##..# #............##..##..# #..
.##..# #............##..##..# #..
.##..# #............##......# #..
.##..# #............##......# #..
.....# #............##......# #..


You could see an orc knight, a two-headed ogre (very poisoned) and a human (very
poisoned).

Vanquished Creatures
  3 two-headed ogres (D:10)
  A centaur warrior (D:9)
  3 boulder beetles
  Urug (D:11)
  A deep elf pyromancer (D:12)
  2 manticores (D:11)
  3 ugly things
  A wolf spider (D:12)
  4 cyclopes (D:11)
  Maurice (D:12)
  2 kobold demonologists
  Psyche (D:9)
  A yaktaur (D:12)
  4 trolls
  2 hornets
  6 slime creatures (D:12)
  A shadow (D:10)
  3 vampires
  A wraith (D:10)
  4 wyverns
  32 yaks
  15 humans (D:12)
  2 steam dragons
  3 basilisks
  2 acid dragons
  Edmund (D:5)
  3 water moccasins (D:9)
  5 orc warriors
  2 black bears
  A sky beast (D:7)
  An ice beast (D:5)
  A boggart (D:11)
  4 centaurs
  Blork the orc (D:5)
  A kobold brigand (D:10)
  3 bullfrogs
  2 scorpions
  4 gnoll sergeants (D:9)
  8 wights (D:7)
  4 killer bees
  3 howler monkeys
  2 hounds
  2 jellies
  10 orc priests
  5 iguanas
  13 orc wizards
  24 gnolls
  6 adders
  2 shadow imps
  3 worms
  5 dart slugs
  30 orcs
  10 ball pythons
  6 bats
  7 endoplasms
  6 giant cockroaches
  9 hobgoblins
  4 jackals
  5 quokkas
  6 frilled lizards
  4 goblins
  12 kobolds
  10 rats
324 creatures vanquished.

Notes
Turn   | Place    | Note
-------+----------+-------------------------------------------
     0 | D:1      | innerfire43 the Demonspawn Hunter began the quest for the
                  | Orb.
     0 | D:1      | Reached XP level 1. HP: 16/16 MP: 1/1
    37 | D:1      | Reached skill level 1 in Stealth
    37 | D:1      | Gained mutation: You have sharp fingernails. [demonic
                  | ancestry]
    37 | D:1      | Reached XP level 2. HP: 22/22 MP: 2/2
   125 | D:1      | Found a faded altar of an unknown god.
   226 | D:1      | Gained mutation: You may rarely emit foul miasma when
                  | damaged in melee. [demonic ancestry]
   226 | D:1      | Reached XP level 3. HP: 28/28 MP: 3/3
   244 | D:1      | Reached skill level 4 in Ranged Weapons
   281 | D:1      | Reached skill level 1 in Armour
   674 | D:2      | Gained mutation: You sometimes emit foul miasma when
                  | damaged in melee. [demonic ancestry]
   674 | D:2      | Reached XP level 4. HP: 30/34 MP: 4/4
  1226 | D:3      | Reached XP level 5. HP: 40/40 MP: 5/5
  1238 | D:3      | Found Zin's Purification Station.
  1365 | D:3      | Identified the +3 plate armour of the Old and Reckless
                  | {-Tele rN++ Regen+ Int+2}
  1406 | D:3      | Found a snail-covered altar of Cheibriados.
  1424 | D:3      | Found a sparkling altar of Nemelex Xobeh.
  1448 | D:3      | Became a worshipper of Cheibriados the Contemplative
  1769 | D:4      | Found Amiol's Magic Scroll Emporium.
  1778 | D:4      | Bought a scroll of enchant weapon for 82 gold pieces
  1837 | D:4      | Noticed a yak
  1846 | D:4      | Noticed a yak
  1847 | D:4      | Killed a yak
  1847 | D:4      | Noticed a yak
  1848 | D:4      | Reached skill level 5 in Ranged Weapons
  1848 | D:4      | Gained mutation: When seriously injured, your blood forms
                  | armour. (AC +0) [demonic ancestry]
  1848 | D:4      | Reached XP level 6. HP: 31/47 MP: 6/6
  1848 | D:4      | Noticed a yak
  1855 | D:4      | Killed a yak
  1859 | D:4      | Killed a yak
  1860 | D:4      | Reached XP level 7. HP: 16/54 MP: 7/7
  1860 | D:4      | Killed a yak
  1965 | D:4      | Found a transporter.
  1968 | D:4      | Found Unuestre's Jewellery Shoppe.
  2050 | D:4      | Found Aridghid's Magic Scroll Boutique.
  2143 | D:4      | Reached * piety under Cheibriados
  2154 | D:4      | Identified the +2 scale mail of Semp {rPois Will+ rCorr}
  2202 | D:4      | Found Jeiles's Book Shop.
  2236 | D:4      | Found Baacong's Distillery.
  2240 | D:4      | Bought a potion of curing for 42 gold pieces
  2240 | D:4      | Bought a potion of heal wounds for 70 gold pieces
  2319 | D:4      | Reached skill level 5 in Armour
  2351 | D:4      | Found a transporter.
  2592 | D:5      | Entered Level 5 of the Dungeon
  2592 | D:5      | Noticed Blork the orc
  2603 | D:5      | Killed Blork the orc
  2643 | D:5      | Reached XP level 8. HP: 36/61 MP: 8/8
  2643 | D:5      | Found a blossoming altar of Fedhas.
  2776 | D:5      | Reached skill level 5 in Fighting
  2789 | D:5      | Reached skill level 6 in Ranged Weapons
  2849 | D:5      | Noticed Edmund
  2860 | D:5      | Killed Edmund
  2949 | D:5      | Found a staircase to the Ecumenical Temple.
  3018 | D:5      | Reached ** piety under Cheibriados
  3075 | D:5      | Found the +1 Delatra's gloves {ID++}
  3726 | D:6      | Identified the +1 short sword of a Gauntlet {vamp, *Rage
                  | +Blink Fly rPois}
  3891 | D:6      | Identified the +2 chain mail of Ozik {+Inv Fly rC+}
  4326 | D:7      | Reached XP level 9. HP: 69/69 MP: 9/9
  4360 | D:7      | Reached skill level 1 in Short Blades
  4373 | D:7      | Reached *** piety under Cheibriados
  4525 | D:7      | Found a shadowy altar of Dithmenos.
  4533 | D:7      | You fall into a shaft and drop 1 floor!
  4577 | D:7      | Found Hitough's Tremendous Tomes.
  4635 | D:7      | Reached skill level 7 in Ranged Weapons
  5157 | D:8      | Found a shimmering blue altar of Sif Muna.
  5189 | D:8      | Reached **** piety under Cheibriados
  5348 | D:8      | Found a burning altar of Makhleb.
  5720 | D:9      | Gained mutation: You have very sharp fingernails. [demonic
                  | ancestry]
  5720 | D:9      | Reached XP level 10. HP: 79/79 MP: 10/10
  5724 | D:9      | Reached skill level 8 in Ranged Weapons
  5956 | D:9      | Noticed a centaur warrior
  5976 | D:9      | Killed a centaur warrior
  6095 | D:9      | Found a sacrificial altar of Ru.
  6291 | D:9      | Noticed Psyche
  6294 | D:9      | Killed Psyche
  6295 | D:9      | Reached skill level 9 in Ranged Weapons
  6405 | D:9      | Reached ***** piety under Cheibriados
  6475 | D:9      | Reached XP level 11. HP: 86/86 MP: 11/11
  6493 | D:9      | Reached skill level 5 in Short Blades
  6513 | D:9      | Found a staircase to the Lair.
  6693 | D:9      | Found a stormy altar of Qazlal.
  6855 | D:10     | Entered Level 10 of the Dungeon
  6881 | D:10     | Found a staircase to the Orcish Mines.
  6882 | D:10     | Noticed a two-headed ogre
  6886 | D:10     | Killed a two-headed ogre
  7125 | D:10     | Reached skill level 10 in Ranged Weapons
  7127 | D:10     | HP: 2/87 [yak (12)]
  7316 | D:10     | Found a bloodstained altar of Trog.
  7352 | D:10     | Found a broken altar of Ashenzari.
  7374 | D:10     | Noticed a two-headed ogre
  7379 | D:10     | Killed a two-headed ogre
  7420 | D:10     | Noticed a boulder beetle
  7430 | D:10     | Killed a boulder beetle
  7518 | D:10     | Found a shimmering altar of Xom.
  7620 | D:10     | Noticed a two-headed ogre
  7627 | D:10     | Killed a two-headed ogre
  7850 | D:10     | Reached skill level 10 in Armour
  7969 | D:11     | Reached skill level 11 in Ranged Weapons
  7983 | D:11     | Found a frozen archway.
  8000 | D:11     | Gained mutation: A weak demonic guardian rushes to your
                  | aid. [demonic ancestry]
  8000 | D:11     | Reached XP level 12. HP: 43/96 MP: 5/12
  8138 | D:11     | Noticed Urug
  8149 | D:11     | Killed Urug
  8330 | D:11     | Noticed a boulder beetle
  8333 | D:11     | Killed a boulder beetle
  8378 | D:11     | HP: 2/97 [white ugly thing (22)]
  8386 | D:11     | Gained mutation: You have large cloven feet. [potion of
                  | mutation]
  8386 | D:11     | Gained mutation: Your movements are slightly less
                  | encumbered by armour. (ER -2) [potion of mutation]
  8944 | D:12     | Reached ****** piety under Cheibriados
  8951 | D:12     | Noticed Maurice
  8972 | D:12     | Something stole a ring of fire
  8976 | D:12     | Killed Maurice
  8977 | D:12     | Reached skill level 10 in Fighting
  8997 | D:12     | Reached skill level 12 in Ranged Weapons
  9176 | D:12     | Found a portal to a secret trove of treasure.
  9180 | D:12     | Noticed a boulder beetle
  9188 | D:12     | Killed a boulder beetle
 10028 | D:4      | Bought an amulet of reflection for 360 gold pieces
 10325 | D:13     | Noticed Nessos
 10325 | D:13     | Noticed a two-headed ogre
 10325 | D:13     | Found a gate to the Vaults.
 10453 | D:12     | HP: 6/147 [two-headed ogre/+0 giant spiked club (16)]
 10454 | D:12     | Slain by an orc knight

Illustrated notes

Levels and vault maps discovered:
D:1:      ncdulo_wetmaze, layout_rooms, hellmonk_ecumenical_altar_arch_garden,
          serial_park_tiny_2
D:2:      layout_basic
D:3:      layout_basic, nemelex_xobeh_ov_fountains_minmay, zin_purify,
          kennysheep_slug_shrine
D:4:      layout_loops_ring, serial_shops, shop, nicolae_shop_drivethru,
          nicolae_shop_rolling_square, shop, nicolae_shop_rolled_up
D:5:      layout_gridville, mainiacjoe_overflow_cross_hatched,
          fedhas_bush_and_centaur_altar, minmay_temple_entry_statues_pillars,
          st_stairs_13, pf_guarded_unrand_delatra, uniq_edmund,
          uniq_blork_the_orc
D:6:      layout_cave_pools
D:7:      layout_rooms, kennysheep_mini_moat, nicolae_shop_i_like_big_books
D:8:      layout_gridville, mainiacjoe_overflow_surrounded_room,
          mainiacjoe_overflow_six_doors_small
D:9:      layout_loops_corners, mainiacjoe_overflow_catwalk,
          nicolae_overflow_crystal_walls, minmay_lair_entry_grove, uniq_psyche
D:10:     minmay_razor_zed, layout_irregular_city, mainiacjoe_overflow_brackets,
          marbit_many_paths, cheibrodos_ashenzari_chains, orc_0_dummy
D:11:     minmay_blocky_corners, layout_gridville,
          portal_ice_cave_entry_pillars_2, uniq_urug
D:12:     layout_long_grid, enter_trove_1, uniq_maurice
D:13:     layout_loops_cross, david_vaults_3, ebering_ghost_reflecting_pool

Skill      XL: |  1  2  3  4  5  6  7  8  9 10 11 12 |
---------------+-------------------------------------+-----
Dodging        | 2 |  2.0
Stealth        | 1 |  1.2
Ranged Weapons | 4 5 6 7 9 11 12 | 12.4
Armour         | 1 2 3 4 5 7 8 9 10 11 | 11.1
Fighting       | 3 4 5 7 8 9 10 | 10.4
Short Blades   | 3 4 6 7 |  7.7

Action                     |  1- 3 |  4- 6 |  7- 9 | 10-12 || total
---------------------------+-------+-------+-------+-------++-------
  Melee: Short sword       |       |       |    26 |   229 ||   255
         Shortbow          |       |       |     2 |       ||     2
         Punch             |       |       |       |    10 ||    10
   Fire: Shortbow          |    93 |   169 |   419 |       ||   681
         Arbalest          |       |       |    55 |   359 ||   414
    Use: Scroll            |       |     1 |     1 |    15 ||    17
         Potion            |       |       |     2 |    15 ||    17
 Armour: Leather armour    |    15 |    30 |       |       ||    45
         Plate armour      |       |    70 |   498 |   999 ||  1567
         Skin              |       |       |       |     9 ||     9
  Dodge: Dodged            |    13 |    47 |   180 |   416 ||   656
  Block: Other             |       |       |       |    46 ||    46

Table legend: (Time is in decaauts)
 A = Elapsed time spent in this place.
 B = Non-inter-level travel time spent in this place.
 C = Inter-level travel time spent in this place.
 D = Time resting spent in this place.
 E = Time spent auto-exploring this place.
 F = Levels seen in this place.
 G = Mean time per level.
                   A        B        C        D        E       F      G
               +--------+--------+--------+--------+--------+-----+--------+
         Total |  15948 |  13702 |   2246 |      0 |  10321 |  13 | 1226.8 |
       Dungeon |  15948 |  13702 |   2246 |      0 |  10321 |  13 | 1226.8 |
               +--------+--------+--------+--------+--------+-----+--------+

Top non-repeatable levels by time:
     D:9: 2121 daAuts
    D:10: 1988 daAuts
    D:11: 1769 daAuts
     D:5: 1692 daAuts
    D:12: 1647 daAuts
     D:4: 1601 daAuts
     D:8: 1292 daAuts
     D:6: 952 daAuts
     D:3: 907 daAuts
     D:7: 840 daAuts
     D:1: 635 daAuts
     D:2: 483 daAuts
    D:13: 15 daAuts
